 Dungeon Crawl Stone Soup version 0.22-a0-833-g8522bf8 (webtiles) character file.

7 riteheju the Sneak (level 1, 0/16 HPs)
             Began as a Demonspawn Assassin on July 25, 2018.
             Slain by a hobgoblin
             ... wielding a +0 club
              (2 damage)
             ... on level 1 of the Dungeon.
             The game lasted 00:01:56 (513 turns).

riteheju the Sneak (Demonspawn Assassin)             Turns: 513, Time: 00:01:57

Health: 0/16       AC:  3    Str: 11    XL:     1   Next: 91%
Magic:  1/1        EV: 11    Int: 12    God:
Gold:   59         SH:  0    Dex: 14    Spells: 0/0 levels left

rFire    . . .     SeeInvis .   o - -2 dagger (curse)
rCold    . . .     Gourm    .   (no shield)
rNeg     . . .     Faith    .   c - +0 robe
rPois    .         Spirit   .   (no helmet)
rElec    .         Reflect  .   j - +0 cloak
rCorr    .         Harm     .   (no gloves)
MR       .....                  (no boots)
Stlth    +++.......             (no amulet)
HPRegen  0.05/turn              (no ring)
MPRegen  0.07/turn              (no ring)

@: no status effects
A: no striking features
a: no special abilities


You were on level 1 of the Dungeon.
You were not hungry.

You visited 1 branch of the dungeon, and saw 1 of its levels.

You collected 59 gold pieces.

Inventory:

Hand Weapons
 a - a +2 dagger
 b - a +0 blowgun
 o - a cursed -2 dagger (weapon)
Missiles
 e - 8 poisoned needles
Armour
 c - a +0 robe (worn)
 d - a +0 cloak
 j - a +0 cloak (worn)
Jewellery
 m - a cursed -6 ring of protection {unknown}
Scrolls
 f - a scroll of teleportation {unknown}
 k - a scroll of enchant armour {unknown}
Potions
 h - a potion of berserk rage {unknown}
 i - a potion of agility {unknown}
 l - a potion of magic {unknown}
 p - a potion of haste {unknown}
 q - 2 potions of ambrosia {unknown}
Comestibles
 g - a ration
 n - 2 chunks of flesh


   Skills:
 + Level 2.0 Fighting
 + Level 2.0 Short Blades
 + Level 1.7 Throwing
 + Level 0.8 Dodging
 + Level 4.0 Stealth


You couldn't memorise any spells.
You didn't know any spells.
Your spell library was empty.

Dungeon Overview and Level Annotations

Branches:
Dungeon (1/15)

Altars:


Message History

The hobgoblin hits you with a club.
You hit the hobgoblin but do no damage.
The hobgoblin is moderately wounded.
The hobgoblin hits you but does no damage.
You barely miss the hobgoblin.
The hobgoblin is moderately wounded.
The hobgoblin misses you.
You closely miss the hobgoblin.
The hobgoblin is moderately wounded.
You completely miss the hobgoblin.
The hobgoblin is moderately wounded.
The hobgoblin barely misses you.
You hit the hobgoblin.
The hobgoblin is almost dead.
The hobgoblin hits you with a club.
* * * LOW HITPOINT WARNING * * *
You closely miss the hobgoblin.
The hobgoblin is almost dead.
The hobgoblin hits you with a club.
You die...

## ..## ###.
... #... #. ##
..# .... #. (.
..# . ## #.#
.# ..# ##. ..
.#..####. #..
.# ##........
#.#
##.##.@g....#
#.#
#..#.###.##...
#.# #(## # .
#.. #.# #.##
..##. #.# #..#
)..##
#########.#
#..# #....
#....รท....#
#..## #...
#.#########
#...## #.
#####.#
#....######


You could see a hobgoblin.

Vanquished Creatures
  A goblin (D:1)
  2 hobgoblins (D:1)
  2 bats (D:1)
  2 rats (D:1)
7 creatures vanquished.

Notes
Turn   | Place    | Note
-------+----------+-------------------------------------------
     0 | D:1      | riteheju the Demonspawn Assassin began the quest for the Orb.
     0 | D:1      | Reached XP level 1. HP: 16/16 MP: 1/1
   484 | D:1      | Reached skill level 4 in Stealth
   513 | D:1      | Slain by a hobgoblin

Vault maps used:
D:1:      dpeg_arrival_concentric_ovals, skrybe_limestone_x

Skill      XL: |  1 |
---------------+----+-----
Short Blades   | 2 |  2.0
Stealth        | 4 |  4.0
Fighting       | |  2.0
Throwing       | |  1.7
Dodging        | |  0.8

Action                   || total
-------------------------++-------
Melee: Dagger            ||    41
 Stab: Sleeping          ||     2
Armor: Robe              ||    10
Dodge: Dodged            ||    14

Table legend:
 A = Spawn XP
 B = Non-spawn XP
 C = Spawn XP percentage of total XP
 D = Spawn monster count
 E = Non-spawn monster count
 F = Spawn count percentage of total count
 G = Total turns spent on level
                    A         B        C        D         E        F      G
               +---------+---------+-------+---------+---------+-------+---------
         Total |       0 |      11 |   0.0 |       0 |       7 |   0.0 |   513
               +---------+---------+-------+---------+---------+-------+---------
           D:1 |       0 |      11 |   0.0 |       0 |       7 |   0.0 |   513
               +---------+---------+-------+---------+---------+-------+---------
